 Dungeon Crawl Stone Soup version 0.23.2-40-g277498a001 (webtiles) character file.

Game seed: 10979166049113145393

29 Eeowdah the Covered (level 3, 0/33 HPs)
             Began as a Minotaur Fighter on Sept 11, 2019.
             Slain by a water moccasin (5 damage)
             ... on level 2 of the Dungeon on Sept 21, 2019.
             The game lasted 00:07:34 (817 turns).

Eeowdah the Covered (Minotaur Fighter)               Turns: 817, Time: 00:07:35

Health: 0/33       AC:  9    Str: 18 (21) XL:     3   Next: 1%
Magic:  2/2        EV:  7    Int:  3 (5)  God:
Gold:   58         SH:  8    Dex:  6 (9)  Spells: 2/2 levels left

rFire    . . .     SeeInvis .   a - +0 long sword
rCold    . . .     Gourm    .   c - +0 shield
rNeg     . . .     Faith    .   b - +0 scale mail
rPois    .         Spirit   .   (helmet restricted)
rElec    .         Reflect  .   (no cloak)
rCorr    .         Harm     .   g - +1 pair of gloves
MR       .....                  (no boots)
Stlth    ..........             x - amulet of regeneration
HPRegen  0.51/turn              (no ring)
MPRegen  0.08/turn              (no ring)

@: lethally poisoned (0 -> 0), very slightly contaminated, invisible
A: retaliatory headbutt, horns 2
a: no special abilities


You were on level 2 of the Dungeon.
You were not hungry.

You visited 1 branch of the dungeon, and saw 2 of its levels.

You collected 58 gold pieces.

Inventory:

Hand Weapons
 a - a +0 long sword (weapon)
 n - a +0 short sword
 o - a +0 whip
 u - a +0 short sword
 v - a +0 hunting sling
 w - a +0 hand axe
 y - a +0 dagger
 z - a +0 dagger
Missiles
 h - 43 stones (quivered)
 i - 6 poisoned needles
 q - 18 sling bullets
 B - 6 silver javelins
Armour
 b - a +0 scale mail (worn)
 c - a +0 shield (worn)
 g - a +1 pair of gloves (worn)
 k - a +0 ring mail
 p - a +0 pair of gloves
 s - a +0 buckler
 t - a +0 robe
Jewellery
 x - an amulet of regeneration (around neck)
Scrolls
 j - a scroll of amnesia {unknown}
 m - a scroll of remove curse {unknown}
 A - a scroll of teleportation {unknown}
 C - a scroll of enchant weapon {unknown}
Potions
 d - a potion of might
 e - 2 potions of degeneration
Comestibles
 f - 4 rations


   Skills:
 + Level 4.0 Fighting
 + Level 2.9 Long Blades
 + Level 4.1 Armour
 + Level 4.0 Shields


You had 2 spell levels left.
You didn't know any spells.
Your spell library was empty.

Dungeon Overview and Level Annotations

Branches:
Dungeon (2/15)

Altars:


Innate Abilities, Weirdness & Mutations

You reflexively headbutt those who attack you in melee.
You have a pair of horns on your head.


Message History

The water moccasin bites you.
* * * LOW HITPOINT WARNING * * *
You are poisoned.
The water moccasin poisons you!
There isn't anything here!
Press: ? - help, v - describe, . - travel The floor, spattered with blood.
You feel sick. You block the water moccasin's attack.
You feel sick.
You feel sick.
The water moccasin bites you but does no damage.
You block the water moccasin's attack.
It was a potion of invisibility.
You fade into invisibility!
The water moccasin barely misses you.
You riposte.
You hit the water moccasin.
The water moccasin is almost dead.
You are very lightly contaminated with residual magic.
You feel sick.
You feel sick. The water moccasin bites you.
You die...

#................
#######.......(^(.(((..
#<.....................
########†####†.........
#.# #....####.. #h#
###### .. ###h### .
#.S...# #@#.#.#
#.....#.# #.....# #
......... ###....####
...... #######


You could see a water moccasin and 2 jackals.

Vanquished Creatures
  An ooze (D:1)
  2 leopard geckos (D:1)
  2 giant cockroaches
  4 hobgoblins
  A jackal (D:2)
  2 bats (D:1)
  4 frilled lizards (D:1)
  A goblin (D:1)
  5 kobolds (D:1)
  2 rats (D:1)
24 creatures vanquished.

Notes
Turn   | Place    | Note
-------+----------+-------------------------------------------
     0 | D:1      | Eeowdah the Minotaur Fighter began the quest for the Orb.
     0 | D:1      | Reached XP level 1. HP: 19/19 MP: 0/0
   104 | D:1      | Reached XP level 2. HP: 26/27 MP: 1/1
   779 | D:2      | Noticed a water moccasin
   803 | D:2      | Reached XP level 3. HP: 20/33 MP: 2/2
   817 | D:2      | Slain by a water moccasin

Skill      XL: |  1  2 |
---------------+-------+-----
Armour         | 4 |  4.1
Shields        | 4 |  4.0
Fighting       | 4 |  4.0
Long Blades    | |  2.9

Action                   || total
-------------------------++-------
Melee: Long sword        ||    65
       Headbutt          ||    11
Throw: Stone             ||    14
  Use: Potion            ||     2
       Scroll            ||     1
Armor: Scale mail        ||    37
Dodge: Dodged            ||    34
Block: Shield            ||    36
       Rpst.: Long sword ||    10
